 Dungeon Crawl Stone Soup version 0.23-a0-321-g6bcb69f (webtiles) character file.

1634 Ijustatesigmund the Grasshopper (level 8, 0/46 HPs)
             Began as an Octopode Wizard on Oct 15, 2018.
             Slain by a sky beast (6 damage)
             ... on level 6 of the Dungeon.
             The game lasted 00:20:34 (9852 turns).

Ijustatesigmund the Grasshopper (Octopode Wizard)   Turns: 9852, Time: 00:20:36

Health: 0/46       AC:  1    Str:  6    XL:     8   Next: 98%
Magic:  12/12      EV: 13    Int: 21    God:
Gold:   121        SH: 10    Dex: 12    Spells: 7/13 levels left

rFire    . . .     SeeInvis .   s - +5 long sword of Integrity {chaos, +Blink rC+}
rCold    + . .     Gourm    .   k - +1 buckler
rNeg     . . .     Faith    .   a - +0 hat
rPois    .         Spirit   .   t - +4 amulet of reflection
rElec    .         Reflect  +   l - ring of resist corrosion
rCorr    +         Harm     .   q - ring of protection from magic
MR       +....                  (no ring)
Stlth    +++.......             (no ring)
HPRegen  0.15/turn              (no ring)
MPRegen  0.13/turn              (no ring)
                                (no ring)
                                (no ring)

@: no status effects
A: almost no armour, stealthy swim, amphibious, 8 rings, constrict 8, camouflage
1, gelatinous body 1
a: Evoke Blink


You were on level 6 of the Dungeon.
You were hungry.

You visited 2 branches of the dungeon, and saw 8 of its levels.

You collected 305 gold pieces.
You spent 184 gold pieces at shops.

Inventory:

Hand Weapons
 d - a +3 dagger of electrocution
 p - a +1 rapier of draining
 r - a +1 flail of protection
 s - the +5 long sword of Integrity (weapon) {chaos, +Blink rC+}
   (You found it on level 7 of the Dungeon)

   Each time it hits an enemy it has a different, random effect.
   It protects you from cold.
   It lets you blink.
 u - the +1 falchion of the Pyrrhic Victory {holy, rC+ rN+}
   (You bought it in a shop on level 5 of the Dungeon)

   It has been blessed by the Shining One to cause great damage to the undead
   and demons.
   It protects you from cold.
   It protects you from negative energy.
Missiles
 n - 3 javelins (quivered)
Armour
 a - a +0 hat (worn)
 k - a +1 buckler (worn)
Jewellery
 i - an uncursed amulet of rage
 l - a ring of resist corrosion (left tentacle)
 q - a ring of protection from magic (right tentacle)
 t - a +4 amulet of reflection (around mantle)
Wands
 w - a wand of paralysis (10)
Scrolls
 e - 2 scrolls of enchant armour
 g - 7 scrolls of identify
 j - 2 scrolls of remove curse
 o - a scroll of teleportation
 x - a scroll of blinking
Potions
 b - a potion of brilliance
 f - 2 potions of might
 h - a potion of ambrosia
 m - 2 potions of curing
 v - a potion of agility {unknown}
Comestibles
 c - 9 rations


   Skills:
 - Level 2.0 Dodging
 - Level 2.6 Stealth
 - Level 5.5 Shields
 - Level 3.0 Spellcasting
 - Level 2.4 Conjurations
   Level 1.0 Summonings
 * Level 5.7 Translocations
 * Level 5.5 Air Magic
 + Level 4.6 Poison Magic


You had 7 spell levels left.
You knew the following spells:

 Your Spells              Type           Power        Failure   Level  Hunger
a - Magic Dart            Conj           ##..         4%          1    None
b - Blink                 Tloc           N/A          1%          2    ##.....
c - Mephitic Cloud        Conj/Pois/Air  ###.....     7%          3    ###....

Your spell library contained the following spells:

 Spells                   Type           Power        Failure   Level  Hunger
 Apportation              Tloc           ####..       1%          1    None
 Summon Small Mammal      Summ           #...         9%          1    None
 Animate Skeleton         Necr           N/A          13%         1    None
 Confusing Touch          Hex            #.....       13%         1    None
 Call Imp                 Summ           #.......     13%         2    ##.....
 Slow                     Hex            #.......     21%         2    ##.....
 Conjure Flame            Conj/Fire      #.......     24%         3    ###....


Dungeon Overview and Level Annotations

Branches:
Dungeon (7/15)             Temple (1/1) D:5

Altars:
Ashenzari
Dithmenos
Elyvilon
Fedhas
Gozag
Hepliaklqana
Kikubaaqudgha
Makhleb
Nemelex Xobeh
Okawaru
Ru
Trog
Uskayaw
Vehumet
Wu Jian
Xom
Yredelemnul
The Shining One

Shops:
D:5 (


Innate Abilities, Weirdness & Mutations

You cannot wear most types of armour.
You are very stealthy in the water. (Stealth+)
You are amphibious.
You can wear up to eight rings at the same time.
You can use your tentacles to constrict eight enemies at once.
Your skin changes colour to match your surroundings (Stealth+).
Your rubbery body absorbs attacks. (AC +1, EV +1)


Message History

The sky beast is moderately wounded.
You block the sky beast's attack.
You barely miss the sky beast.
The sky beast is moderately wounded.
You block the sky beast's attack.
You barely miss the sky beast.
The sky beast is moderately wounded.
The sky beast barely misses you.
The sky beast flickers out of sight!
Deactivating autopickup; reactivate with Ctrl-A.
Something hits you. Something shocks you.
No target in view!
You closely miss something. Something hits you. Something shocks you.
You miss something. Something hits you but does no damage.
You closely miss something. Something barely misses you. Something hits you.
Something shocks you.
* * * LOW HITPOINT WARNING * * *
You closely miss something. You squeeze something. Something hits you.
* * * LOW HITPOINT WARNING * * *
Something shocks you.
You die...

# #....#...............####....
### ###....########.............#
..## #.....................#....
...######...#######.##...########
......###.#.)<# ##..##...........
##.....#..###.# #..###..>...<#...
######.......)###.####...........
........#................#.......
....######.....#@................
....# ##....{...#.............
....# ##.......................
....#####........................
.................................
..........................#.)....
.....................(...........
..........)).........#...###.....
>.....................##.###.....


There were no monsters in sight!

Vanquished Creatures
  Eustachio (D:4)
  Duvessa (D:4)
  A sky beast (D:6)
  An ogre (D:6)
  A phantom (D:4)
  A bullfrog (D:6)
  A gnoll sergeant (D:5)
  Dowan (D:4)
  A scorpion (D:6)
  2 howler monkeys
  A crimson imp (D:5)
  A bullfrog zombie (D:7)
  A quasit (D:5)
  A jelly (D:6)
  An orc priest (D:3)
  A bullfrog skeleton (D:5)
  2 orc wizards (D:3)
  3 iguanas
  4 worker ants
  Natasha (twice) (D:4)
  A hound skeleton (D:6)
  Robin (D:3)
  5 gnolls (D:5)
  12 adders
  A howler monkey skeleton (D:4)
  3 shadow imps
  An ooze (D:1)
  An adder skeleton (D:6)
  4 worms
  4 dart slugs
  4 leopard geckos
  16 orcs
  2 ball pythons (D:2)
  5 giant cockroaches
  12 goblins
  11 hobgoblins
  6 jackals
  A quokka (D:2)
  8 bats
  6 frilled lizards
  A giant cockroach zombie (D:6)
  9 kobolds
  A leopard gecko skeleton (D:5)
  6 rats
149 creatures vanquished.

Notes
Turn   | Place    | Note
-------+----------+-------------------------------------------
     0 | D:1      | Ijustatesigmund the Octopode Wizard began the quest for the
                  | Orb.
     0 | D:1      | Reached XP level 1. HP: 11/11 MP: 4/4
     9 | D:1      | Noticed a centaur
   515 | D:1      | Reached XP level 2. HP: 17/17 MP: 1/6
   863 | D:1      | Learned a level 2 spell: Blink
  1071 | D:1      | Reached skill level 1 in Shields
  1371 | D:2      | Reached XP level 3. HP: 21/21 MP: 5/7
  1774 | D:2      | Reached XP level 4. HP: 27/27 MP: 1/8
  2519 | D:2      | Found a hide-covered altar of Uskayaw.
  3055 | D:3      | Found a glowing golden altar of the Shining One.
  3243 | D:3      | Noticed Robin
  3261 | D:3      | Killed Robin
  3261 | D:3      | Reached XP level 5. HP: 29/31 MP: 0/9
  4298 | D:4      | Learned a level 3 spell: Mephitic Cloud
  4535 | D:3      | Reached skill level 5 in Shields
  4535 | D:3      | Reached XP level 6. HP: 36/36 MP: 5/10
  5227 | D:4      | Noticed Dowan
  5229 | D:4      | Noticed Duvessa
  5236 | D:4      | Killed Dowan
  5236 | D:4      | Reached skill level 1 in Air Magic
  5236 | D:4      | Reached skill level 1 in Poison Magic
  5259 | D:4      | Killed Duvessa
  5259 | D:4      | Reached XP level 7. HP: 36/41 MP: 0/11
  5414 | D:4      | Found a burning altar of Makhleb.
  5513 | D:4      | Noticed Natasha
  5515 | D:4      | Killed Natasha
  5637 | D:4      | Noticed Natasha
  5643 | D:4      | Killed Natasha
  6832 | D:4      | Noticed Eustachio
  6850 | D:4      | Killed Eustachio
  6850 | D:4      | Reached XP level 8. HP: 30/46 MP: 9/12
  6980 | D:5      | Entered Level 5 of the Dungeon
  6980 | D:5      | Found Xoewuf's Antique Weapon Boutique.
  6997 | D:5      | Bought a faintly glowing falchion for 184 gold pieces
  6997 | D:5      | Identified the +1 falchion of the Pyrrhic Victory {holy,
                  | rC+ rN+} (You bought it in a shop on level 5 of the
                  | Dungeon)
  7048 | D:5      | Found a staircase to the Ecumenical Temple.
  7092 | Temple   | Entered the Ecumenical Temple
  7980 | D:5      | Found a bloodstained altar of Trog.
  8593 | D:6      | HP: 2/46 [something (5)]
  8990 | D:7      | Got a pitted long sword
  8991 | D:7      | Identified the +5 long sword of Integrity {chaos, +Blink
                  | rC+} (You found it on level 7 of the Dungeon)
  8994 | D:7      | Reached skill level 5 in Translocations
  9223 | D:6      | Reached skill level 5 in Air Magic
  9852 | D:6      | Slain by a sky beast

Vault maps used:
D:1:      evilmike_arrival_come_back
D:2:      cheibrodos_helix_gallery, lemuel_doored_altar
D:3:      nicolae_overflow_crystal_walls, grunt_ministairs_11, uniq_robin
D:4:      bloody_makhleb, first_ration, uniq_natasha, uniq_eustachio,
          uniq_duvessa
D:5:      temple_doors_e, basic_altar, serial_shops, nicolae_shop_crystal
D:7:      kennysheep_mini_moat, nicolae_qazlal_style_of_elements, tgw_sif,
          uniq_menkaure, uniq_joseph
Temple:   eino_narrow_crystal_temple

Skill      XL: |  1  2  3  4  5  6  7  8 |
---------------+-------------------------+-----
Conjurations   | 2 |  2.4
Shields        | 1 2 3 5 |  5.5
Air Magic      | 1 3 5 |  5.5
Poison Magic   | 1 2 4 |  4.6
Translocations | 2 3 5 |  5.7
Dodging        | |  2.0
Stealth        | |  2.6
Spellcasting   | |  3.0
Summonings     | |  1.0

Action                   |  1- 3 |  4- 6 |  7- 9 || total
-------------------------+-------+-------+-------++-------
Melee: Short sword       |    22 |    66 |       ||    88
       Unarmed           |     3 |       |       ||     3
       Constrict         |     7 |    20 |    22 ||    49
       Tentacles         |     6 |    12 |    14 ||    32
       Dagger            |       |    14 |   103 ||   117
       Long sword        |       |       |    49 ||    49
Throw: Throwing net      |       |       |     1 ||     1
 Cast: Magic Dart        |    62 |   127 |   138 ||   327
       Mephitic Cloud    |       |     1 |     3 ||     4
       Blink             |       |       |     1 ||     1
 Abil: Evoke Berserk Rag |       |     1 |       ||     1
Evoke: Wand              |       |     5 |     4 ||     9
  Use: Scroll            |     9 |     5 |     7 ||    21
       Potion            |       |     1 |     3 ||     4
 Stab: Sleeping          |       |     2 |     2 ||     4
       Confused          |       |     1 |       ||     1
  Eat: Chunk             |     2 |    11 |     5 ||    18
       Ration            |       |       |     3 ||     3
Armor: Skin              |     4 |     3 |    13 ||    20
Dodge: Dodged            |    28 |    48 |    70 ||   146
Block: Buckler           |     2 |    49 |    86 ||   137
       Reflection        |       |     1 |     1 ||     2
       Rpst.: Long sword |       |       |     5 ||     5

Table legend:
 A = Non-vault XP
 B = Vault XP
 C = Vault XP percentage of total XP
 D = Non-vault monster count
 E = Vault monster count
 F = Vault count percentage of total count
                 A         B        C        D         E       F
            +---------+---------+-------+---------+---------+-------
      Total |    1768 |     567 |  24.3 |     127 |      22 |  14.8
            +---------+---------+-------+---------+---------+-------
        D:1 |      33 |       0 |   0.0 |      16 |       0 |   0.0
        D:2 |      97 |       3 |   3.0 |      30 |       2 |   6.2
        D:3 |     170 |     101 |  37.3 |      28 |      16 |  36.4
        D:4 |     349 |     463 |  57.0 |      13 |       4 |  23.5
        D:5 |     411 |       0 |   0.0 |      20 |       0 |   0.0
        D:6 |     657 |       0 |   0.0 |      17 |       0 |   0.0
        D:7 |      51 |       0 |   0.0 |       3 |       0 |   0.0
            +---------+---------+-------+---------+---------+-------
